AoeStats
← Barón de la Cerveza

African Clearing

504106542Analyzed
3v3 RM · 29d ago on Sep 3, 2026· 46m 39s· 6 players
Game mode
Random Map
Map size
Normal (6 player)
Population
200
Speed
Normal
Resources
Standard
Victory
Conquest
Starting age
Dark Age
Ending age
Imperial Age
RankedLock teamsTeams togetherTeam positionsShared explorationLock speedFull tech treeHidden civsTurbo modeCheats
Victory
Defeat
🇦🇷 Jurchens · Argentina
1801
+16
🇦🇷 Slavs · Argentina
1622
+23
🇲🇽 Vietnamese · Mexico
1614
+24
🇩🇪 Mapuche · Germany
1795
-21
🇩🇪 Hindustanis · Germany
1794
-21
🇩🇪 Mongols · Germany
1784
-21
Lukas
3:45 Loom
12:02 Feudal Age
16:12 Castle Age
14:50 Double-Bit Axe
25:25 Fletching
28:16 Horse Collar
30:02 Bow Saw
32:57 Wheelbarrow
36:11 Imperial Age
34:26 Town Watch
35:56 Bodkin Arrow
36:56 Bracer
38:06 Padded Archer Armor
39:13 Chemistry
38:37 Conscription
39:19 Ballistics
WARChris
7:07 Loom
13:30 Feudal Age
17:55 Castle Age
17:10 Double-Bit Axe
18:35 Fletching
21:01 Bodkin Arrow
23:37 Padded Archer Armor
25:47 Ballistics
25:40 Gold Mining
46:30 Bow Saw
Tigry
8:41 Loom
10:59 Feudal Age
15:14 Double-Bit Axe
17:36 Stone Mining
19:39 Wheelbarrow
24:16 Castle Age
22:48 Scale Barding Armor
22:34 Horse Collar
24:48 Bloodlines
24:49 Forging
24:37 Gold Mining
30:22 Town Watch
31:57 Heavy Plow
32:59 Husbandry
34:36 Hand Cart
34:18 Stone Mining
34:46 Bow Saw
39:18 Imperial Age
37:46 Chain Barding Armor
39:09 Iron Casting
39:20 Heavy Camel Rider
40:43 Plate Barding Armor
41:48 Blast Furnace
44:15 Chemistry
43:06 Fletching
43:18 Padded Archer Armor
43:43 Conscription
46:48 Grand Trunk Road
46:51 Shatagni
DS_VarVa
11:13 Feudal Age
9:38 Loom
11:53 Double-Bit Axe
15:20 Forging
20:59 Castle Age
22:23 Bow Saw
22:01 Horse Collar
25:44 Squires
28:49 Scale Mail Armor
33:14 Wheelbarrow
33:46 Siege Engineers
34:35 Gold Mining
35:01 Hand Cart
34:47 Heavy Plow
38:30 Imperial Age
36:06 Squires
37:28 Masonry
37:46 Town Watch
38:59 Chain Mail Armor
38:34 Heavy Rocket Cart
40:16 Chemistry
40:01 Thunderclap Bombs
39:56 Fletching
40:37 Arson
42:04 Architecture
42:19 Elite Fire Lancer
44:28 Iron Casting
44:40 Conscription
44:56 Hoardings
gyNNNNN
3:31 Loom
12:43 Feudal Age
15:30 Fletching
25:08 Castle Age
23:21 Double-Bit Axe
23:18 Horse Collar
25:50 Bodkin Arrow
25:48 Crossbowman
27:00 Ballistics
31:06 Heavy Plow
32:27 Wheelbarrow
33:49 Town Watch
38:46 Imperial Age
38:42 Padded Archer Armor
38:34 Gold Mining
38:26 Elite Skirmisher
39:20 Bow Saw
40:59 Chemistry
40:21 Imperial Skirmisher
42:42 Leather Archer Armor
Barón de la Cerveza
10:49 Loom
13:16 Feudal Age
17:05 Castle Age
15:00 Double-Bit Axe
16:14 Horse Collar
16:28 Gold Mining
18:21 Bow Saw
19:42 Fletching
21:36 Bodkin Arrow
27:17 Ballistics
33:36 Imperial Age
32:04 Stone Mining
33:01 Padded Archer Armor
33:05 Town Watch
34:13 Stone Shaft Mining
34:19 Bracer
35:32 Chemistry
35:21 Leather Archer Armor
36:08 Wheelbarrow
37:48 Ring Archer Armor
37:54 Elite Rattan Archer
39:08 Hand Cart
40:39 Thumb Ring
43:36 Scale Barding Armor
44:08 Bloodlines
43:59 Husbandry
45:26 Two-Man Saw
44:28 Elite Battle Elephant
45:12 Chatras
45:33 Paper Money
45:54 Chain Barding Armor
45:52 Heavy Plow
47:40 Plate Barding Armor
47:16 Forging
Connection lost

Rejoining the realm…

Still unreachable

The connection could not be restored.

Session expired

The server has moved on; the page needs a fresh start.